 Seeded DCSS version 0.28.0-53-g5a82cb258f (webtiles) character file.

Game seed: 9403513121866162502 (custom seed)

812 hikkokomori the Cudgeller (level 7, -1/44 HPs)
             Began as a Gargoyle Fighter on Oct 23, 2022.
             Was an Initiate of Gozag.
             Slain by a troll (6 damage)
             ... on level 6 of the Dungeon.
             The game lasted 00:14:02 (5651 turns).

hikkokomori the Cudgeller (Gargoyle Fighter)        Turns: 5651, Time: 00:14:03

Health: -1/44      AC: 11    Str: 22    XL:     7   Next: 93%
Magic:  7/7        EV: 10    Int:  8    God:    Gozag
Gold:   381        SH:  4    Dex:  9    Spells: 4/6 levels left

rFire   . . .      SeeInvis .   a - +0 flail (freeze)
rCold   . . .      Faith    .   c - +0 buckler
rNeg    + . .      Spirit   .   o - +0 leather armour
rPois   ∞          Reflect  .   j - +0 helmet
rElec   +          Harm     .   i - +0 cloak
rCorr   .          Rampage  .   (no gloves)
Will    .....                   v - +0 pair of boots
Stlth   +.........              (no amulet)
HPRegen 0.14/turn               (no ring)
MPRegen 0.10/turn               (no ring)

@: no status effects
A: sickness immunity, AC +4, negative energy resistance 1, electricity
resistance, torment resistance 1, petrification resistance
a: Renounce Religion, Potion Petition, Call Merchant, Bribe Branch


You were on level 6 of the Dungeon.
You worshipped Gozag.
Gozag was aware of your devotion.
You visited 2 branches of the dungeon, and saw 7 of its levels.

You collected 431 gold pieces.
You paid 50 gold pieces to Gozag.

Inventory:

Hand Weapons
 a - a +0 flail of freezing (weapon)
Missiles
 m - 13 bolts
Armour
 b - a +0 scale mail
 c - a +0 buckler (worn)
 i - a +0 cloak (worn)
 j - a +0 helmet (worn)
 o - a +0 leather armour (worn)
 v - a +0 pair of boots (worn)
Magical Staves
 p - a staff of poison
Scrolls
 f - 2 scrolls of fear {unknown}
 k - 3 scrolls of magic mapping {unknown}
 l - 2 scrolls of noise {unknown}
 r - a scroll of vulnerability {unknown}
 s - 2 scrolls of enchant armour {unknown}
 x - a scroll of summoning {unknown}
Potions
 d - a potion of might
 g - 2 potions of mutation
 h - 3 potions of curing {unknown}
 q - a potion of attraction
 t - 2 potions of flight
 u - a potion of brilliance {unknown}
 w - a potion of ambrosia


   Skills:
 + Level 4.9 Fighting
 + Level 6.2 Maces & Flails
 - Level 3.2 Armour
 - Level 5.3 Shields
 + Level 2.8 Translocations


You had 4 spell levels left.
You knew the following spells:

 Your Spells              Type           Power      Damage    Failure   Level
a - Blink                 Tloc           8%         N/A       30%         2

Your spell library contained the following spells:

 Spells                   Type           Power      Damage    Failure   Level
 Lesser Beckoning         Tloc           4%         N/A       52%         3
 Slow                     Hex            0%         N/A       54%         1
 Confusing Touch          Hex            0%         N/A       88%         3
 Dazzling Flash           Conj/Hex       0%         N/A       88%         3
 Tukima's Dance           Hex            0%         N/A       88%         3
 Vampiric Draining        Necr           0%         2d6       88%         3
 Passage of Golubria      Tloc           4%         N/A       89%         4
 Iskenderun's Mystic Bla  Conj/Tloc      2%         2d3       98%         4
 Manifold Assault         Tloc           4%         N/A       99%         5
 Yara's Violent Unravell  Hex/Tmut       0%         3d3       100%        5
 Starburst                Conj/Fire      0%         6d3       100%        6


Dungeon Overview and Level Annotations

Branches:
Dungeon (6/15)             Temple (1/1) D:4

Altars:
Ashenzari
Cheibriados
Dithmenos
Elyvilon
Fedhas
Gozag
Hepliaklqana
Kikubaaqudgha
Makhleb
Nemelex Xobeh
Okawaru
Qazlal
Ru
Sif Muna
Trog
Uskayaw
Vehumet
Wu Jian
Xom
Yredelemnul
Zin
The Shining One

Shops:
D:1 !   D:5 =


Innate Abilities, Weirdness & Mutations

You are immune to sickness and miasma.
Your stone body is resilient. (AC +4)
You are immune to poison.
You resist negative energy. (rN+)
You are resistant to electric shocks. (rElec)
You are resistant to unholy torment.
You are immune to petrification.


Message History

The troll claws you!
You closely miss the troll.
The troll is moderately wounded.
You block the troll's attack. The troll claws you but does no damage.
You block the troll's attack.
You completely miss the troll.
The troll is moderately wounded.
You block the troll's attack. The troll claws you.
The troll closely misses you. x2; You block the troll's attack.
The troll barely misses you.
You hit the troll but do no damage.
The troll is moderately wounded.
The troll bites you! The troll closely misses you.
The troll claws you but does no damage.
Unknown command.
You sock the troll! You freeze the troll.
The troll is heavily wounded.
The troll closely misses you. The troll claws you.
The troll claws you but does no damage.
Unknown command.
You sock the troll! You freeze the troll.
The troll is severely wounded.
The troll bites you. You block the troll's attack.
The troll closely misses you.
You sock the troll! You freeze the troll.
The troll is almost dead.
The troll bites you!
* * * LOW HITPOINT WARNING * * *
The troll barely misses you. The troll closely misses you.
Unknown command.
You barely miss the troll.
The troll is almost dead.
The troll barely misses you. The troll claws you but does no damage.
The troll barely misses you.
Unknown command.
You closely miss the troll.
The troll is almost dead.
The troll closely misses you. The troll claws you.
You die...
Your body crumbles into a pile of gold.

.##......##
.........##
..####....#
. ##..###
#...(##
#.....##
#...##...###
#.###.T....#
... #.@....#
#.. ##.....#
## ####<.#
####


You could see a troll.

Vanquished Creatures
  A black bear (D:5)
  An ice beast (D:5)
  2 ogres (D:4)
  A centaur zombie (D:3)
  A bullfrog zombie (D:5)
  2 orc priests (D:3)
  A bullfrog skeleton (D:6)
  A jelly (D:4)
  2 hound skeletons (D:4)
  7 gnolls
  10 adders
  A shadow imp (D:5)
  3 ufetubi
  3 worms
  2 dart slugs
  3 orcs
  6 endoplasms
  3 giant cockroaches
  7 hobgoblins
  3 jackals (D:1)
  10 kobolds
  A quokka (D:4)
  7 ball pythons
  3 bats
  A frilled lizard (D:1)
  5 goblins
  4 rats
  A bush (D:5)
92 creatures vanquished.

Notes
Turn   | Place    | Note
-------+----------+-------------------------------------------
     0 | D:1      | hikkokomori the Gargoyle Fighter began the quest for the
                  | Orb.
     0 | D:1      | Reached XP level 1. HP: 14/14 MP: 1/1
   253 | D:1      | Reached XP level 2. HP: 15/19 MP: 2/2
   334 | D:1      | Found Wirodosm's Distillery.
   391 | D:1      | Reached skill level 3 in Maces & Flails
   734 | D:1      | Reached XP level 3. HP: 21/23 MP: 3/3
  1312 | D:2      | Reached XP level 4. HP: 15/28 MP: 4/4
  1419 | D:2      | Reached skill level 4 in Maces & Flails
  2147 | D:2      | Reached XP level 5. HP: 18/32 MP: 5/5
  2581 | D:3      | Found a faded altar of an unknown god.
  2938 | D:3      | Reached skill level 5 in Maces & Flails
  2938 | D:3      | Reached skill level 5 in Shields
  2938 | D:3      | Reached XP level 6. HP: 37/37 MP: 6/6
  3211 | D:4      | Learned a level 2 spell: Blink
  3254 | D:4      | Found a staircase to the Ecumenical Temple.
  3314 | Temple   | Entered the Ecumenical Temple
  3625 | Temple   | Became a worshipper of Gozag Ym Sagoz the Greedy
  3681 | D:5      | Entered Level 5 of the Dungeon
  3709 | D:4      | Identified the +10 dagger "Ytwetett" {venom, Dex+4 Stlth+}
  3884 | D:4      | Reached skill level 1 in Translocations
  4265 | D:4      | Reached XP level 7. HP: 17/43 MP: 7/7
  4732 | D:5      | Found an ancient bone altar of Kikubaaqudgha.
  4767 | D:5      | Found a shadowy altar of Dithmenos.
  4884 | D:5      | Found Jevaq's Jewellery Shop.
  5298 | D:5      | Reached skill level 6 in Maces & Flails
  5623 | D:6      | Noticed a troll
  5651 | D:6      | Slain by a troll

Illustrated notes

Levels and vault maps discovered:
D:1:      roderic_dead_forest, layout_basic, serial_shops, shop
D:2:      layout_loops_cross, minmay_split_cup_large
D:3:      layout_rooms, nicolae_ecumenical_snake_handling
D:4:      minmay_octagon_keep, layout_gridville,
          minmay_temple_entry_gardened_gates
D:5:      layout_gridville, mainiacjoe_overflow_catch_the_wave,
          nicolae_take_the_stairs
D:6:      layout_cave_pools, hangedman_abyss_or_decor_stagger,
          chequers_serial_rivers_small_3, hangedman_decor_lopped, minivault_5,
          chequers_serial_rivers_micro_b, uniq_menkaure
Temple:   mainiacjoe_temple_cubbyholes

Skill      XL: |  1  2  3  4  5  6  7 |
---------------+----------------------+-----
Maces & Flails | 3 4 5 6 |  6.2
Shields        | 4 5 |  5.3
Translocations | 1 2 |  2.8
Fighting       | 4 |  4.9
Armour         | |  3.2

Action                   |  1- 3 |  4- 6 |  7- 9 || total
-------------------------+-------+-------+-------++-------
Melee: Flail             |   101 |   169 |   128 ||   398
Throw: Throwing net      |       |     1 |     1 ||     2
  Use: Potion            |       |     3 |       ||     3
       Scroll            |       |     5 |     2 ||     7
Armor: Scale mail        |    53 |   101 |       ||   154
       Leather armour    |       |    15 |    44 ||    59
Dodge: Dodged            |    50 |    98 |    37 ||   185
Block: Buckler           |    26 |    48 |    18 ||    92
